 Dungeon Crawl Stone Soup version 0.31-a0-232-gb1c03b2570 (webtiles) character file.

Game seed: 5630678923099990329

121 qw the Shooter (level 5, -3/30 HPs)
             Began as a Gargoyle Hexslinger on July 7, 2023.
             Slain by an orc
             ... wielding a +0 mace
              (5 damage)
             ... on level 3 of the Dungeon.
             The game lasted 00:00:52 (1653 turns).

qw the Shooter (Gargoyle Hexslinger)                Turns: 1653, Time: 00:00:53

Health: -3/30      AC:  7    Str: 17    XL:     5   Next: 5%
Magic:  6/6        EV: 12    Int: 14    God:
Gold:   113        SH:  0    Dex: 14    Spells: 5/6 levels left

rFire   . . .        Y - +1 sling
rCold   . . .        (no shield)
rNeg    + . .        c - +0 robe
rPois   inf          (no helmet)
rElec   +            (no cloak)
rCorr   .            (no gloves)
SInv    .            e - +0 pair of boots
Will    .....        (no amulet)
Stlth   +            g - +6 ring of strength
HPRegen 0.25/turn    (no ring)
MPRegen 0.10/turn

%: no passive effects
@: no status effects
A: sickness immunity, AC +4, negative energy resistance 1, electricity
resistance, torment resistance 1, petrification resistance
a: no special abilities


You were on level 3 of the Dungeon.
You visited 1 branch of the dungeon, and saw 3 of its levels.

You collected 113 gold pieces.


Innate Abilities, Weirdness & Mutations

You are immune to sickness and miasma.
Your stone body is resilient. (AC +4)
You are immune to poison.
You resist negative energy. (rN+)
You are resistant to electric shocks. (rElec)
You are resistant to unholy torment.
You are immune to petrification.


   Skills:
 - Level 2.0 Fighting
 + Level 4.7 Ranged Weapons
 - Level 1.5 Dodging
 - Level 1.0 Spellcasting
 - Level 2.6 Hexes


You had 5 spell levels left.
You knew the following spells:

 Your Spells              Type           Power      Damage    Failure   Level
a - Slow                  Hex            32%        N/A       9%          1

Your spell library contained the following spells:

 Spells                   Type           Power      Damage    Failure   Level
 Inner Flame              Hex/Fire       4%         N/A       41%         3
 Portal Projectile        Hex/Tloc       8%         N/A       41%         3
 Cause Fear               Hex            4%         N/A       65%         4

Inventory:

Hand Weapons
 Y - a +1 sling (weapon)
Armour
 c - a +0 robe (worn)
 e - a +0 pair of boots (worn)
Jewellery
 g - a +6 ring of strength (left hand)
Potions
 b - a potion of resistance {unknown}
 d - a potion of curing
 f - a potion of lignification {unknown}
 h - a potion of magic {unknown}

Dungeon Overview and Level Annotations

Branches:
Dungeon (3/15)

Altars:


Message History

The orc shouts!
You hear a shout!
An orc comes into view. It is wielding a +0 flail. x2
You shoot a sling bullet.
The sling bullet closely misses the orc.
The orc shouts!
You shoot a sling bullet.
The sling bullet hits the orc but does no damage.
The orc is moderately wounded.
You shoot a sling bullet. The sling bullet barely misses the orc.
You shoot a sling bullet.
The sling bullet closely misses the orc.
A kobold comes into view. It is wielding a +0 short sword.
The orc hits you with a +0 war axe. The orc hits you with a +0 flail!
You shoot a sling bullet.
The sling bullet completely misses the orc.
The orc closely misses you. x2
You shoot a sling bullet. The sling bullet barely misses the orc.
The orc misses you. The orc hits you but does no damage.
The orc completely misses you. The orc hits you with a +0 flail.
The orc hits you with a +0 war axe! The orc hits you but does no damage.
You shoot a sling bullet.
The sling bullet hits the orc but does no damage.
The orc is moderately wounded.
The orc hits you with a +0 flail. The orc misses you.
The orc barely misses you.
You shoot a sling bullet. The sling bullet hits the orc.
The orc is heavily wounded.
The orc hits you but does no damage. The orc closely misses you. x2
You shoot a sling bullet. The sling bullet hits the orc.
You kill the orc!
The orc closely misses you.
You shoot a sling bullet.
The sling bullet closely misses the orc.
The orc hits you with a +0 war axe. The orc barely misses you.
The orc hits you with a +0 mace.
You shoot a sling bullet.
The sling bullet closely misses the orc.
The orc hits you but does no damage. The orc misses you.
The orc hits you with a +0 mace.
You die...

#...# #.... ###.)..
...... #....##
.##.....####...
.......oooK....
#.#########@###.##.
#...........o.....[
#####.#####.#...##.
#.# #.....# #.#
#.....# #.#
#....... #.#
#.#...#.. #.#
#.#...#.. #.#
#.#...#


You could see 4 orcs and a kobold.

Vanquished Creatures
  6 adders (D:2)
  4 dart slugs
  An orc (D:3)
  3 ball pythons
  5 bats
  9 endoplasms
  3 giant cockroaches
  3 goblins
  4 hobgoblins
  3 jackals (D:1)
  A quokka (D:1)
  4 frilled lizards
  5 kobolds
  8 rats
59 creatures vanquished.

Notes
Turn   | Place    | Note
-------+----------+-------------------------------------------
     0 | D:1      | qw the Gargoyle Hexslinger began the quest for the Orb.
     0 | D:1      | Reached XP level 1. HP: 12/12 MP: 2/2
     0 | D:1      | 0 ||| qw: Version: 0.3-a-46-gb1f654a
     0 | D:1      | 0 ||| qw: Game counter: 2150
     0 | D:1      | 0 ||| qw: Melee chars always use a shield: true
     0 | D:1      | 0 ||| qw: God list: Okawaru
     0 | D:1      | 0 ||| qw: Allow faded altars: false
     0 | D:1      | 0 ||| qw: Do Orc after clearing Dungeon:15 true
     0 | D:1      | 0 ||| qw: Do second Lair branch before Depths: true
     0 | D:1      | 0 ||| qw: Lair rune preference: random
     0 | D:1      | 0 ||| qw: Goals: Normal
     0 | D:1      | 0 ||| PLANNING D:1-11
     2 | D:1      | Noticed a ghoul
     2 | D:1      | Noticed a troll
     4 | D:1      | Noticed a draconian
     6 | D:1      | Noticed a vine stalker
     6 | D:1      | Noticed a minotaur
     8 | D:1      | Noticed a spriggan
    10 | D:1      | Noticed a felid
    10 | D:1      | Noticed an ogre
    12 | D:1      | Noticed an octopode
    12 | D:1      | Noticed an armataur
    14 | D:1      | Noticed a gargoyle
    14 | D:1      | Noticed a vampire
    16 | D:1      | Noticed a meteoran
    16 | D:1      | Noticed an elf
    18 | D:1      | Noticed a tengu
    18 | D:1      | Noticed a demonspawn
    20 | D:1      | Noticed a demigod
    20 | D:1      | Noticed a naga
    22 | D:1      | Noticed a human
    22 | D:1      | Noticed a merfolk
    24 | D:1      | Noticed a formicid
    26 | D:1      | Noticed a tengu
    26 | D:1      | Noticed a spriggan
   100 | D:1      | Reached XP level 2. HP: 16/16 MP: 3/3
   138 | D:1      | Reached skill level 3 in Ranged Weapons
   327 | D:1      | Reached XP level 3. HP: 21/21 MP: 4/4
   749 | D:1      | 749 ||| UPGRADING to +0 pair of boots.
   754 | D:1      | 754 ||| READING 4 scrolls labelled YRYEDUE SULER.
   755 | D:1      | 755 ||| READING scroll labelled KEDDIA WIDA.
   772 | D:1      | 772 ||| DRINKING 2 black potions.
   773 | D:1      | 773 ||| DROPPING 3 scrolls of blinking.
   774 | D:1      | 774 ||| DROPPING scroll of poison.
   934 | D:2      | Reached XP level 4. HP: 23/26 MP: 5/5
   985 | D:2      | Reached skill level 4 in Ranged Weapons
  1024 | D:2      | 1024 ||| Stepping ~*~*~tactically~*~*~ (outnumbered).
  1586 | D:2      | 1586 ||| UPGRADING to +6 ring of strength.
  1587 | D:2      | 1587 ||| READING scroll labelled NUXOMUEXZOKH.
  1597 | D:2      | Reached XP level 5. HP: 29/30 MP: 6/6
  1649 | D:3      | HP: 7/30 [orc/+0 flail (6)]
  1652 | D:3      | HP: 2/30 [orc/+0 mace (3)]
  1653 | D:3      | Slain by an orc

Levels and vault maps discovered:
D:1:      kb_arrival_jail, layout_basic
D:2:      layout_basic
D:3:      layout_basic, fedhas_altar_2,
          chequers_temple_overflow_statue_of_worship,
          nicolae_overflow_hidden_temple

Skill      XL: |  1  2  3  4 |
---------------+-------------+-----
Ranged Weapons | 3 4 |  4.7
Fighting       | 2 |  2.0
Dodging        | |  1.5
Spellcasting   | |  1.0
Hexes          | |  2.6

Action                     |  1- 3 |  4- 6 || total
---------------------------+-------+-------++-------
   Fire: Sling             |   131 |   123 ||   254
    Use: Scroll            |     2 |     1 ||     3
         Potion            |     1 |       ||     1
 Armour: Robe              |    24 |    37 ||    61
  Dodge: Dodged            |    44 |    66 ||   110

Table legend:
 A = Non-vault XP
 B = Vault XP
 C = Vault XP percentage of total XP
 D = Non-vault monster count
 E = Vault monster count
 F = Vault count percentage of total count
                 A         B        C        D         E       F
            +---------+---------+-------+---------+---------+-------
      Total |     173 |       0 |   0.0 |      59 |       0 |   0.0
            +---------+---------+-------+---------+---------+-------
        D:1 |      56 |       0 |   0.0 |      31 |       0 |   0.0
        D:2 |     113 |       0 |   0.0 |      26 |       0 |   0.0
        D:3 |       4 |       0 |   0.0 |       2 |       0 |   0.0
            +---------+---------+-------+---------+---------+-------
